 Dungeon Crawl Stone Soup version 0.30-a0-777-ga9a30cbeda (webtiles) character file.

Game seed: 1877887317044704255

129 ryw the Trooper (level 4, -4/38 HPs)
             Began as a Demonspawn Monk on Feb 15, 2023.
             Killed by divine providence
             ... invoked by an orc priest
              (15 damage)
             ... on level 3 of the Dungeon.
             The game lasted 00:06:27 (2702 turns).

ryw the Trooper (Demonspawn Monk)                   Turns: 2702, Time: 00:06:27

Health: -4/38      AC:  2    Str: 12    XL:     4   Next: 88%
Magic:  4/4        EV: 13    Int: 11    God:
Gold:   97         SH:  5    Dex: 23    Spells: 3/3 levels left

rFire   . . .      SeeInvis .    g - +3 short sword
rCold   . . .      Faith    .    o - +0 buckler
rNeg    + . .      Spirit   .    a - +0 robe
rPois   .          Reflect  .    (no helmet)
rElec   .          Harm     .    (no cloak)
rCorr   .          Rampage  .    (no gloves)
Will    .....                    (no boots)
Stlth   ++                       (no amulet)
HPRegen 0.26/turn                l - +6 ring of dexterity
MPRegen 0.09/turn                c - ring of positive energy

@: no status effects
A: hooves 1, powered by death 1
a: no special abilities


You were on level 3 of the Dungeon.
You visited 1 branch of the dungeon, and saw 3 of its levels.

You collected 97 gold pieces.

Inventory:

Hand Weapons
 g - a +3 short sword (weapon)
Missiles
 h - 16 stones (quivered)
Armour
 a - a +0 robe (worn)
 o - a +0 buckler (worn)
Magical Staves
 d - a staff of earth
Jewellery
 c - a ring of positive energy (right hand)
 k - a ring of wizardry
 l - a +6 ring of dexterity (left hand)
Scrolls
 e - a scroll of fear {unknown}
 i - 3 scrolls of identify {unknown}
 j - a scroll of torment {unknown}
Potions
 b - a potion of ambrosia
 f - a potion of curing {unknown}
 m - 2 potions of flight {unknown}
 n - a potion of degeneration {unknown}
 p - 2 potions of might {unknown}


   Skills:
 + Level 4.9 Fighting
 + Level 0.7 Short Blades
 + Level 3.3 Dodging
 - Level 1.7 Stealth
 + Level 0.4 Shields
 - Level 2.6 Unarmed Combat


You had 3 spell levels left.
You didn't know any spells.
Your spell library was empty.

Dungeon Overview and Level Annotations

Branches:
Dungeon (3/15)

Altars:
Nemelex Xobeh


Innate Abilities, Weirdness & Mutations

You have large cloven feet.
You regenerate a little health from kills.


Message History

The orc priest calls down the wrath of Beogh upon you.
Pain shoots through your body!
You hit the orc priest but do no damage.
The orc priest is lightly wounded.
The orc priest looks braver for a moment.
You hit the orc priest but do no damage.
Your kick misses the orc priest.
The orc priest is lightly wounded.
You block the orc priest's attack.
The orc priest calls upon Beogh to heal the orc priest.
The orc priest's wounds heal themselves!
You hit the orc priest.
The orc priest is moderately wounded.
You block the orc priest's attack.
You hit the orc priest.
The orc priest is severely wounded.
The orc priest misses you.
The orc priest calls upon Beogh to heal the orc priest.
The orc priest is healed somewhat.
You hit the orc priest.
You kick the orc priest, but do no damage.
The orc priest is moderately wounded.
The orc priest miscasts a cantrip.
You hit the orc priest but do no damage.
You kick the orc priest.
The orc priest is heavily wounded.
The orc priest barely misses you.
You hit the orc priest.
The orc priest is severely wounded.
The orc priest barely misses you.
The orc priest casts a cantrip, but nothing happens.
You hit the orc priest but do no damage.
The orc priest is severely wounded.
The orc priest hits you with a +0 flail.
* * * LOW HITPOINT WARNING * * *
You closely miss the orc priest.
The orc priest is severely wounded.
The orc priest mumbles some strange prayers to Beogh against you.
Beogh smites you!
You die...

#......######## #.
#.#....##.....# #.
#.#....##.....######.
#.#....##.....##.....
#.##.#.##.....##.###.
#.##.#.##.....##.##..
#......#<........#.<.
####.###.##.##..♣.#..
#@###†##.#..PP♣...
##o##......♣P♣.P♣.#
##o#.#..####♣._♣...#
##o###...####..PP♣...
########o##
##.........♣...#
.oooo...##
##............#
########.#
#.###.#..###..# ..#
#.........)....# #
.#.#.#####[######.##


You could see 3 orc priests and an orc.

Vanquished Creatures
  4 adders
  2 dart slugs (D:2)
  2 orcs (D:3)
  12 ball pythons
  2 bats (D:1)
  5 endoplasms
  5 giant cockroaches
  9 hobgoblins
  12 jackals
  2 quokkas
  6 frilled lizards
  5 goblins
  6 kobolds
  10 rats
82 creatures vanquished.

Notes
Turn   | Place    | Note
-------+----------+-------------------------------------------
     0 | D:1      | ryw the Demonspawn Monk began the quest for the Orb.
     0 | D:1      | Reached XP level 1. HP: 18/18 MP: 1/1
   279 | D:1      | Gained mutation: You have large cloven feet. [demonic
                  | ancestry]
   279 | D:1      | Reached XP level 2. HP: 22/24 MP: 2/2
   661 | D:1      | Reached skill level 4 in Fighting
   800 | D:1      | Reached XP level 3. HP: 28/30 MP: 3/3
  1646 | D:2      | Gained mutation: You regenerate a little health from kills.
                  | [demonic ancestry]
  1646 | D:2      | Reached XP level 4. HP: 38/38 MP: 4/4
  1710 | D:2      | Identified the +6 spear of Dusy {heavy, rC+++ rCorr Int-2
                  | Stlth-}
  2211 | D:3      | Found a faded altar of an unknown god.
  2270 | D:3      | Found a sparkling altar of Nemelex Xobeh.
  2702 | D:3      | Killed from afar by an orc priest

Illustrated notes

Levels and vault maps discovered:
D:1:      minmay_arrival_radiant_lines, layout_basic
D:2:      layout_basic
D:3:      layout_loops_cross, overflow_temple_1_default, gup_sewer_entry_pipe,
          ebering_ecumenical_altar_petrified, minmay_fountain_box,
          minmay_increasing_density, uniq_sigmund

Skill      XL: |  1  2  3 |
---------------+----------+-----
Fighting       | 4 |  4.9
Dodging        | 3 |  3.3
Short Blades   | |  0.7
Stealth        | |  1.7
Shields        | |  0.4
Unarmed Combat | |  2.6

Action                     |  1- 3 |  4- 6 || total
---------------------------+-------+-------++-------
  Melee: Unarmed           |   111 |       ||   111
         Kick              |    30 |    21 ||    51
         Short sword       |    42 |    94 ||   136
         Dagger            |     2 |       ||     2
  Throw: Stone             |       |     3 ||     3
    Use: Potion            |       |     1 ||     1
   Stab: Sleeping          |     6 |     7 ||    13
         Distracted        |       |     1 ||     1
 Armour: Robe              |    29 |     8 ||    37
  Dodge: Dodged            |   125 |    55 ||   180
  Block: Buckler           |       |    11 ||    11

Table legend: (Time is in decaauts)
 A = Elapsed time spent in this place.
 B = Non-inter-level travel time spent in this place.
 C = Inter-level travel time spent in this place.
 D = Time resting spent in this place.
 E = Time spent auto-exploring this place.
 F = Levels seen in this place.
 G = Mean time per level.
                   A        B        C        D        E       F      G
               +--------+--------+--------+--------+--------+-----+--------+
         Total |   2696 |   2542 |    154 |    366 |   1488 |   3 |  898.7 |
       Dungeon |   2696 |   2542 |    154 |    366 |   1488 |   3 |  898.7 |
               +--------+--------+--------+--------+--------+-----+--------+

Top non-repeatable levels by time:
     D:1: 1374 daAuts
     D:2: 824 daAuts
     D:3: 496 daAuts
